 Dungeon Crawl Stone Soup version 0.29-a0-392-g297d3b089c (webtiles) character file.

Game seed: 4551948674032471302

93 quokkamancerX the Caller (level 4, 0/24 HPs)
             Began as a Tengu Summoner on May 9, 2022.
             Was an Initiate of Vehumet.
             Slain by Edmund
             ... wielding a +0 vorpal flail
              (5 damage)
             ... on level 4 of the Dungeon.
             The game lasted 00:12:55 (2953 turns).

quokkamancerX the Caller (Tengu Summoner)           Turns: 2953, Time: 00:12:55

Health: 0/24       AC:  2    Str:  9    XL:     4   Next: 62%
Magic:  10/10      EV: 12    Int: 23    God:    Vehumet [......]
Gold:   160        SH:  0    Dex: 14    Spells: 2/9 levels left

rFire   . . .      SeeInvis .   m - +2 falchion (holy)
rCold   . . .      Faith    .   (no shield)
rNeg    . . .      Spirit   .   a - +0 robe
rPois   .          Reflect  .   (helmet restricted)
rElec   .          Harm     .   (no cloak)
rCorr   .          Rampage  .   (no gloves)
Will    .....                   (boots unavailable)
Stlth   ++........              (no amulet)
HPRegen 0.08/turn               o - +6 ring of intelligence
MPRegen 0.12/turn               (no ring)

@: no status effects
A: beak, talons 3
a: Renounce Religion


You were on level 4 of the Dungeon.
You worshipped Vehumet.
Vehumet was noncommittal.
You visited 1 branch of the dungeon, and saw 4 of its levels.

You collected 160 gold pieces.

Inventory:

Hand Weapons
 m - a +2 falchion of holy wrath (weapon)
Missiles
 f - 4 boomerangs
 s - 6 datura-tipped darts
 u - 8 poisoned darts
Armour
 a - a +0 robe (worn)
Jewellery
 o - a +6 ring of intelligence (left hand)
 t - a ring of poison resistance
Wands
 e - a wand of flame (25)
Scrolls
 g - a scroll of fog {unknown}
 k - a scroll of vulnerability {unknown}
 n - a scroll of fear {unknown}
 p - a scroll of blinking {unknown}
 q - a scroll of teleportation {unknown}
Potions
 b - a potion of magic
 c - a potion of berserk rage {unknown}
 d - 2 potions of brilliance
 h - a potion of heal wounds
 i - a potion of attraction {unknown}
 j - a potion of mutation {unknown}
 l - a potion of resistance {unknown}
 r - a potion of might {unknown}


   Skills:
 - Level 2.1 Dodging
 - Level 2.0 Stealth
 + Level 3.3 Spellcasting
 + Level 6.1 Summonings


You had 2 spell levels left.
You knew the following spells:

 Your Spells              Type           Power      Damage    Failure   Level
a - Summon Small Mammal   Summ           100%       N/A       1%          1
b - Call Canine Familiar  Summ           31%        N/A       2%          3
c - Summon Guardian Gole  Hex/Summ       17%        N/A       10%         3

Your spell library contained the following spells:

 Spells                   Type           Power      Damage    Failure   Level
 Call Imp                 Summ           31%        N/A       1%          2
 Blink                    Tloc           6%         N/A       17%         2
 Ensorcelled Hibernation  Hex/Ice        6%         N/A       17%         2
 Lesser Beckoning         Tloc           3%         N/A       32%         3
 Ozocubu's Armour         Ice            3%         N/A       32%         3
 Spider Form              Tmut/Pois      3%         N/A       32%         3
 Summon Lightning Spire   Summ/Air       17%        N/A       32%         4
 Anguish                  Hex/Necr       1%         N/A       73%         4
 Manifold Assault         Tloc           3%         N/A       97%         5
 Ozocubu's Refrigeration  Ice            1%         4d5       100%        7


Dungeon Overview and Level Annotations

Branches:
Dungeon (4/15)
 Temple: D:4-7

Altars:
Vehumet

Annotations:
D:4 Edmund


Innate Abilities, Weirdness & Mutations

You have a beak for a mouth.
You have claws for feet.


Message History

The endoplasm quivers.
Edmund shouts!
Your hound bites the endoplasm.
The endoplasm barely misses your hound.
Your hound bites the endoplasm.
The endoplasm dies!
Vehumet accepts your kill.
Your quokka barely misses Edmund.
Your hound bites Edmund.
You swap places.
Your quokka bites Edmund but does no damage.
Edmund hits you with a +0 vorpal flail!
Your hound barely misses Edmund.
Your quokka misses Edmund. You hit Edmund. Your kick misses Edmund.
Edmund is lightly wounded.
Your quokka bites Edmund but does no damage.
Your hound bites Edmund.
Edmund hits you with a +0 vorpal flail.
Your quokka bites Edmund but does no damage.
Your quokka bites Edmund.
Your hound bites Edmund.
Edmund hits you with a +0 vorpal flail.
* * * LOW HITPOINT WARNING * * *
x2 You feel much better.
Your hound bites Edmund but does no damage.
Your quokka barely misses Edmund.
Your quokka bites Edmund but does no damage.
Edmund hits you with a +0 vorpal flail!
Your hound bites Edmund.
Your quokka bites Edmund but does no damage. x2
Your hound barely misses Edmund.
Your quokka bites Edmund but does no damage.
Your quokka barely misses Edmund.
Your quokka barely misses Edmund.
Edmund attacks as you move away! Edmund closely misses you.
You hit Edmund but do no damage. Your kick misses Edmund. You peck Edmund.
Edmund is heavily wounded.
Edmund hits you with a +0 vorpal flail.
* * * LOW HITPOINT WARNING * * *
x2 Your quokka bites Edmund but does no damage.
You closely miss Edmund. You claw Edmund.
Edmund is heavily wounded.
Edmund hits you with a +0 vorpal flail.
You die...

......#..........+ ..#
......#...)......####.##
#.....#..........#.....
......#####......#...<###+###
......# #......####........
...... #......hr.rh.....##
...... #.###.#r###r.....#
###### #.#####@# #......#
#.....@.# #......# #########
#......# .......# #......#
#......#


You could see Edmund (ally target), a friendly hound (summoned) and 2 friendly
quokkas.

Vanquished Creatures
  3 bats
  2 endoplasms
  A giant cockroach (D:4)
  2 goblins
  A quokka (D:1)
  A ball python (D:2)
  A frilled lizard (D:2)
  A kobold (D:2)
  A rat (D:2)
13 creatures vanquished.

Vanquished Creatures (collateral kills)
  3 adders
  2 dart slugs
  3 bats
  7 endoplasms
  2 giant cockroaches (D:2)
  4 goblins
  2 hobgoblins
  4 jackals (D:1)
  4 kobolds
  A quokka (D:2)
  2 ball pythons
  A frilled lizard (D:1)
  8 rats
43 creatures vanquished.

Vanquished Creatures (others)
  2 fungi (D:2)
  4 plants
6 creatures vanquished.

Grand Total: 62 creatures vanquished

Notes
Turn   | Place    | Note
-------+----------+-------------------------------------------
     0 | D:1      | quokkamancerX the Tengu Summoner began the quest for the
                  | Orb.
     0 | D:1      | Reached XP level 1. HP: 10/10 MP: 4/4
   195 | D:1      | Reached skill level 5 in Summonings
   269 | D:1      | Reached XP level 2. HP: 15/15 MP: 6/6
   875 | D:2      | Reached XP level 3. HP: 19/19 MP: 5/8
  1012 | D:2      | Found a faded altar of an unknown god.
  1408 | D:2      | Reached XP level 4. HP: 24/24 MP: 7/9
  1602 | D:2      | Learned a level 3 spell: Call Canine Familiar
  1914 | D:3      | Learned a level 3 spell: Summon Guardian Golem
  2833 | D:4      | Found a radiant altar of Vehumet.
  2845 | D:4      | Reached skill level 6 in Summonings
  2861 | D:4      | Became a worshipper of Vehumet
  2937 | D:4      | Noticed Edmund
  2953 | D:4      | Slain by Edmund

Illustrated notes

Levels and vault maps discovered:
D:1:      nicolae_arrival_somewhat_less_tricky_arrival, layout_rooms,
          serial_bayou_lagoon_b
D:2:      layout_loops_ring, shapermc_ecumenical_altar_acropolis,
          minmay_tromino_i2
D:3:      layout_basic
D:4:      layout_basic, vehumet_altar_wand_db, uniq_edmund

Skill      XL: |  1  2  3  4 |
---------------+-------------+-----
Summonings     | 5 6 |  6.1
Spellcasting   | 3 |  3.3
Dodging        | |  2.1
Stealth        | |  2.0

Action                   |  1- 3 |  4- 6 || total
-------------------------+-------+-------++-------
Melee: Dagger            |    12 |     1 ||    13
       Kick              |     3 |     3 ||     6
       Falchion          |       |    11 ||    11
       Peck              |       |     3 ||     3
 Cast: Summon Small Mamm |    47 |     7 ||    54
       Call Canine Famil |       |     9 ||     9
  Use: Scroll            |       |     3 ||     3
       Potion            |       |     1 ||     1
 Stab: Sleeping          |     3 |     1 ||     4
Armor: Robe              |     2 |     2 ||     4
Dodge: Dodged            |     6 |     5 ||    11

Table legend: (Time is in decaauts)
 A = Elapsed time spent in this place.
 B = Non-inter-level travel time spent in this place.
 C = Inter-level travel time spent in this place.
 D = Time resting spent in this place.
 E = Time spent auto-exploring this place.
 F = Levels seen in this place.
 G = Mean time per level.
                   A        B        C        D        E       F      G
               +--------+--------+--------+--------+--------+-----+--------+
         Total |   2964 |   2888 |     76 |    462 |   1374 |   4 |  741.0 |
       Dungeon |   2964 |   2888 |     76 |    462 |   1374 |   4 |  741.0 |
               +--------+--------+--------+--------+--------+-----+--------+

Top non-repeatable levels by time:
     D:3: 1000 daAuts
     D:2: 950 daAuts
     D:1: 877 daAuts
     D:4: 136 daAuts
